 Dungeon Crawl Stone Soup version 0.29-a0-323-g050149af67 (webtiles) character file.

Game seed: 15818482427650767146

271 chopper the Covered (level 6, -1/53 HPs)
             Began as a Minotaur Fighter on Apr 11, 2022.
             Splashed by a jelly's acid (10 damage)
             ... on level 5 of the Dungeon.
             The game lasted 00:20:35 (4613 turns).

chopper the Covered (Minotaur Fighter)              Turns: 4613, Time: 00:20:35

Health: -1/53      AC:  4    Str: 21    XL:     6   Next: 2%
Magic:  5/5        EV:  6    Int:  5    God:
Gold:   258        SH:  5    Dex: 11    Spells: 5/5 levels left

rFire   . . .      SeeInvis +   a - +0 war axe
rCold   . . .      Faith    .   c - +0 buckler
rNeg    . . .      Spirit   .   p - +0 plate armour
rPois   .          Reflect  .   (helmet restricted)
rElec   .          Harm     .   (no cloak)
rCorr   .          Rampage  .   (no gloves)
Will    .....                   (no boots)
Stlth   ..........              (no amulet)
HPRegen 0.17/turn               f - ring of see invisible
MPRegen 0.09/turn               (no ring)

@: corroded
A: horns 2, retaliatory headbutt
a: no special abilities


You were on level 5 of the Dungeon.
You visited 1 branch of the dungeon, and saw 5 of its levels.

You collected 258 gold pieces.

Inventory:

Hand Weapons
 a - a +0 war axe (weapon)
 t - a +1 vampiric hand axe
Missiles
 s - a boomerang (quivered)
Armour
 c - a +0 buckler (worn)
 n - the +2 helmet "Ippo" {Dex+2}
   (You found it on level 2 of the Dungeon)

   Dex:       It affects your dexterity (+2).
 p - a +0 plate armour (worn)
Jewellery
 f - a ring of see invisible (left hand)
Scrolls
 b - 2 scrolls of vulnerability {unknown}
 e - 2 scrolls of fog {unknown}
 h - 3 scrolls of identify {unknown}
 i - a scroll of summoning {unknown}
 k - 2 scrolls of enchant armour {unknown}
 o - a scroll of silence {unknown}
Potions
 d - 3 potions of might
 g - 2 potions of brilliance {unknown}
 j - 3 potions of heal wounds {unknown}
 l - 5 potions of curing {unknown}
 m - a potion of cancellation {unknown}
 q - a potion of flight {unknown}
 r - 2 potions of magic {unknown}


   Skills:
 + Level 4.4 Fighting
 + Level 4.8 Axes
 + Level 5.3 Armour
 + Level 1.4 Dodging
 + Level 0.1 Stealth
 + Level 4.5 Shields


You had 5 spell levels left.
You didn't know any spells.
Your spell library contained the following spells:

 Spells                   Type           Power      Damage    Failure   Level
 Sandblast                Erth           0%         2d4       100%        1
 Slow                     Hex            0%         N/A       100%        1
 Passwall                 Tmut/Erth      0%         N/A       100%        2
 Confusing Touch          Hex            0%         N/A       100%        3
 Inner Flame              Hex/Fire       0%         N/A       100%        3
 Stone Arrow              Conj/Erth      0%         3d7       100%        3
 Vampiric Draining        Necr           0%         2d6       100%        3
 Cause Fear               Hex            0%         N/A       100%        4
 Discord                  Hex            0%         N/A       100%        8


Dungeon Overview and Level Annotations

Branches:
Dungeon (5/15)
 Temple: D:4-7

Altars:
Cheibriados
Elyvilon
Hepliaklqana
Sif Muna


Innate Abilities, Weirdness & Mutations

You have a pair of horns on your head.
You reflexively headbutt those who attack you in melee.


Message History

HP restored.
You can't go down here!
There is a stone staircase leading down here.
There is a stone staircase leading down here.
You climb downwards.
The gnoll shouts! x2
The jelly quivers.
You hear a shout! x2
A gnoll sergeant comes into view. It is wielding a +0 spear.
Found 30 gold pieces, 5 poisoned darts and a white potion.
There is a stone staircase leading up here.
Throw: 2 boomerangs
Press: ? - help, Q - select action Shift-Dir - straight line, f - gnoll
Aim: a gnoll, wielding a +0 whip (61% to hit)
You throw a boomerang. The boomerang closely misses the gnoll.
You barely miss the gnoll. The gnoll hits you with a +0 whip.
The gnoll hits you but does no damage.
There is a stone staircase leading up here.
You barely miss the gnoll. You headbutt the gnoll!
The gnoll is almost dead.
You hit the jelly. The acid corrodes you!
Your hands burn!
The gnoll hits you with a +0 whip. You block the gnoll sergeant's attack.
The jelly hits you but does no damage. The gnoll barely misses you.
The jelly hits you. The acid corrodes you!
You are splashed with acid!
A gnoll comes into view. It is wielding a +0 flail.
The gnoll sergeant hits you from afar with a +0 spear.
You hit the gnoll but do no damage.
The gnoll is almost dead.
You hit the jelly.
Your hands burn!
You block the gnoll's attack.
The gnoll sergeant hits you from afar with a +0 spear!
The jelly hits you.
You are splashed with acid!
* * * LOW HITPOINT WARNING * * *
You block the gnoll's attack.
The gnoll sergeant hits you from afar with a +0 spear.
* * * LOW HITPOINT WARNING * * *
The jelly hits you.
* * * LOW HITPOINT WARNING * * *
You are splashed with acid!
You die...

.... ....
..... .....
...... ..$..g#
# #..g#### ..#
#..g.g.#..(.#
#...$@......#
#......J######
#....###...#
#!#.# ###.# #
#. .. # #.# ..
...


You could see a gnoll sergeant, a jelly and 3 gnolls.

Vanquished Creatures
  2 iguanas (D:4)
  2 orc wizards
  6 adders
  A white imp (D:3)
  2 worms (D:2)
  3 dart slugs
  6 orcs
  6 ball pythons
  8 endoplasms
  3 giant cockroaches
  14 goblins
  7 hobgoblins
  4 jackals (D:1)
  3 quokkas
  6 bats
  A frilled lizard (D:1)
  11 kobolds
  3 rats
88 creatures vanquished.

Vanquished Creatures (others)
  A fungus (D:2)
  2 plants (D:2)
3 creatures vanquished.

Grand Total: 91 creatures vanquished

Notes
Turn   | Place    | Note
-------+----------+-------------------------------------------
     0 | D:1      | chopper the Minotaur Fighter began the quest for the Orb.
     0 | D:1      | Reached XP level 1. HP: 19/19 MP: 0/0
    35 | D:1      | Reached XP level 2. HP: 24/27 MP: 1/1
   188 | D:1      | Reached skill level 4 in Armour
   344 | D:1      | Reached XP level 3. HP: 32/33 MP: 2/2
   848 | D:2      | Identified the +2 helmet "Ippo" {Dex+2}
   956 | D:2      | Found a snail-covered altar of Cheibriados.
  1684 | D:2      | Reached skill level 1 in Dodging
  1684 | D:2      | Reached XP level 4. HP: 38/40 MP: 3/3
  1796 | D:2      | Found a faded altar of an unknown god.
  2696 | D:3      | Found a hazy altar of Hepliaklqana.
  3267 | D:4      | Found a white marble altar of Elyvilon.
  3632 | D:4      | Reached XP level 5. HP: 45/47 MP: 4/4
  3811 | D:4      | Found a shimmering blue altar of Sif Muna.
  3938 | D:4      | Reached skill level 5 in Armour
  4422 | D:5      | Entered Level 5 of the Dungeon
  4452 | D:5      | Reached XP level 6. HP: 31/53 MP: 5/5
  4613 | D:5      | Splashed by a jelly's acid

Illustrated notes

Levels and vault maps discovered:
D:1:      dpeg_arrival_windows_large_door, layout_basic
D:2:      layout_loops_ring, basic_altar, serial_co_window_serial,
          co_window_corner_a, co_window_of_opportunity_a, co_window_corner_a,
          co_window_paths_a, co_window_corner_a, co_window_unsneaky_path_d,
          co_window_broadway_b, co_window_unsneaky_path_d,
          co_window_unsneaky_path_b, co_window_2corner,
          co_window_of_opportunity_b, co_window_unsneaky_path_e,
          glass_columns_a, glass_columns_b, glass_columns_b,
          shapermc_ecumenical_altar_ellora
D:3:      layout_rooms, nicolae_hepliaklqana_hippocampus
D:4:      layout_basic, elyvilon_altar_4, mainiacjoe_overflow_chevrons,
          serial_corexii_hall, corexii_hall_statues_x, corexii_hall_statues_l,
          chequers_decorated_corner
D:5:      layout_rooms, nicolae_tso_carved_into_rock

Skill      XL: |  1  2  3  4  5 |
---------------+----------------+-----
Shields        | 4 |  4.5
Armour         | 4 5 |  5.3
Fighting       | 4 |  4.4
Axes           | 3 4 |  4.8
Dodging        | 1 |  1.4
Stealth        | |  0.1

Action                   |  1- 3 |  4- 6 || total
-------------------------+-------+-------++-------
Melee: War axe           |    66 |   111 ||   177
       Headbutt          |     7 |    14 ||    21
Throw: Boomerang         |       |     6 ||     6
Armor: Scale mail        |    30 |       ||    30
       Plate armour      |    10 |    79 ||    89
Dodge: Dodged            |    28 |    39 ||    67
Block: Buckler           |    19 |    36 ||    55

Table legend: (Time is in decaauts)
 A = Elapsed time spent in this place.
 B = Non-inter-level travel time spent in this place.
 C = Inter-level travel time spent in this place.
 D = Time resting spent in this place.
 E = Time spent auto-exploring this place.
 F = Levels seen in this place.
 G = Mean time per level.
                   A        B        C        D        E       F      G
               +--------+--------+--------+--------+--------+-----+--------+
         Total |   4679 |   4679 |      0 |    677 |      0 |   5 |  935.8 |
       Dungeon |   4679 |   4679 |      0 |    677 |      0 |   5 |  935.8 |
               +--------+--------+--------+--------+--------+-----+--------+

Top non-repeatable levels by time:
     D:2: 1754 daAuts
     D:4: 1366 daAuts
     D:1: 829 daAuts
     D:3: 665 daAuts
     D:5: 64 daAuts
